 Dungeon Crawl Stone Soup version 0.25.1-9-gc5326a611f (webtiles) character file.

Game seed: 13309591736040661556

117 Dillybarz the Skirmisher (level 4, -4/45 HPs)
             Began as a Troll Fighter on Dec 23, 2020.
             Slain by Sigmund
             ... wielding a +0 scythe
              (11 damage)
             ... on level 3 of the Dungeon.
             The game lasted 00:08:03 (1693 turns).

Dillybarz the Skirmisher (Troll Fighter)            Turns: 1693, Time: 00:08:03

Health: -4/45      AC:  6    Str: 25    XL:     4   Next: 71%
Magic:  3/3        EV:  8    Int:  4    God:
Gold:   87         SH: 11    Dex:  9    Spells: 3/3 levels left

rFire    + . .     SeeInvis .     - Unarmed
rCold    . . .     Gourm    +   b - +2 kite shield
rNeg     . . .     Faith    .   a - +0 robe
rPois    .         Spirit   .   (helmet restricted)
rElec    .         Reflect  .   (no cloak)
rCorr    .         Harm     .   (gloves unavailable)
MR       .....                  (boots unavailable)
Stlth    +.........             (no amulet)
HPRegen  0.55/turn              e - ring of protection from fire
MPRegen  0.08/turn              (no ring)

@: no status effects
A: large, unfitting armour, claws 3, fast metabolism 3, gourmand, regeneration
1, shaggy fur 1, tough skin 3
a: no special abilities


You were on level 3 of the Dungeon.
You were very full.

You visited 1 branch of the dungeon, and saw 3 of its levels.

You collected 87 gold pieces.

Inventory:

Missiles
 g - 76 stones (quivered)
Armour
 a - a +0 robe (worn)
 b - a +2 kite shield (worn)
Jewellery
 e - a ring of protection from fire (left claw)
Wands
 j - a wand of flame (20)
Scrolls
 m - a scroll of amnesia {unknown}
Potions
 c - a potion of might
 f - 2 potions of cancellation
 h - a potion of magic
 i - a potion of berserk rage {unknown}
 l - 2 potions of lignification {unknown}
Comestibles
 d - 4 rations
 k - 10 chunks of flesh


   Skills:
 + Level 3.1 Fighting
 + Level 3.0 Dodging
 + Level 3.0 Shields
 + Level 3.0 Unarmed Combat


You had 3 spell levels left.
You didn't know any spells.
Your spell library was empty.

Dungeon Overview and Level Annotations

Branches:
Dungeon (3/15)

Altars:

Annotations:
D:3 Sigmund


Innate Abilities, Weirdness & Mutations

You are too large for most types of armour.
You have claws for hands.
Your metabolism is lightning-fast.
You like to eat raw meat.
Your natural rate of healing is unusually fast.
You are covered in fur. (AC +1)
You have extremely tough skin. (AC +3)


Message History

The leopard gecko hisses angrily.
The rat closely misses you.
You miss something. Something hits you! You block the rat's attack.
You miss something. Something hits you!
You miss something.
You hear the slow rusting of a distant drain.
The rat bites you but does no damage.
You miss something. You block the rat's attack. Something hits you!
* * * LOW HITPOINT WARNING * * *
You block the leopard gecko's attack. You block the rat's attack.
You closely miss something.
The leopard gecko bites you but does no damage.
Something hits you.
* * * LOW HITPOINT WARNING * * *
The rat bites you.
* * * LOW HITPOINT WARNING * * *
You miss something. You block the leopard gecko's attack.
You block the rat's attack.
You claw something! Something hits you!
You die...

....... #.....#.......
........###....[#.......
.........##.....#.......
................#.......
...................÷....
...............#........
...............#...÷....
........{......#..))....
......l@r..........))...
.......##...........÷...
....... ##..............
........>.##....##......
#......... ###..........
#.......................
#.......................
..###...................
.......##.......


You could see a leopard gecko and a rat.

Vanquished Creatures
  A hound skeleton (D:3)
  2 adders
  2 oozes (D:1)
  2 worms (D:2)
  5 leopard geckos
  6 bats
  2 giant cockroaches (D:1)
  5 goblins
  8 hobgoblins
  4 jackals (D:3)
  11 kobolds
  A quokka (D:3)
  2 ball pythons (D:2)
  6 frilled lizards
  7 rats
64 creatures vanquished.

Notes
Turn   | Place    | Note
-------+----------+-------------------------------------------
     0 | D:1      | Dillybarz the Troll Fighter began the quest for the Orb.
     0 | D:1      | Reached XP level 1. HP: 22/22 MP: 0/0
   252 | D:1      | Reached XP level 2. HP: 25/29 MP: 1/1
   480 | D:1      | Reached XP level 3. HP: 36/36 MP: 2/2
  1218 | D:2      | Found a faded altar of an unknown god.
  1408 | D:2      | Reached XP level 4. HP: 39/44 MP: 3/3
  1663 | D:3      | Noticed Sigmund
  1693 | D:3      | Slain by Sigmund

Illustrated notes

Levels and vault maps discovered:
D:1:      sevenhm_arrival_forest_fort_small_4, layout_loops_ring,
          roderic_lattice_a, minmay_indecisive_spiral
D:2:      layout_rooms, chequers_ecumenical_altar_simple
D:3:      layout_basic, cheibrodos_sewer_entry_drain, first_ration,
          roderic_serpentine_path, minmay_misc_feat_rows, uniq_sigmund

Skill      XL: |  1  2  3  4 |
---------------+-------------+-----
Fighting       | 3 |  3.1
Dodging        | 3 |  3.0
Shields        | 3 |  3.0
Unarmed Combat | 3 |  3.0

Action                   |  1- 3 |  4- 6 || total
-------------------------+-------+-------++-------
Melee: Unarmed           |   111 |    62 ||   173
  Use: Scroll            |     8 |     1 ||     9
 Stab: Sleeping          |     1 |       ||     1
  Eat: Chunk             |    18 |     1 ||    19
Armor: Robe              |    29 |    18 ||    47
Dodge: Dodged            |    30 |    23 ||    53
Block: Kite shield       |    47 |    44 ||    91
